[Event "December 5 Early 2023"]
[Site "https://www.chess.com"]
[Date "2023.12.05"]
[Round "1"]
[White "Muetsch, Annmarie"]
[Black "Durarbayli, Vasif"]
[Result "0-1"]
[Board "24"]
[TimeControl "180+1"]
[WhiteFideId "12971367"]
[BlackFideId "13402935"]
[WhiteElo "2508"]
[BlackElo "2975"]
[WhiteTeam "GER"]
[BlackTeam "AZE"]
[WhiteClock "0:00:00"]
[BlackClock "0:00:12"]

1. d4 d5 2. Bg5 h6 3. Bh4 Nd7 4. e3 Ngf6 5. Nf3 e6 6. Be2 c5 7. O-O Qb6 8. b3 Be7 9. c4 dxc4 10. Bxc4 cxd4 11. Nxd4 O-O 12. Nc3 Ne5 13. Be2 Ng6 14. Bg3 Rd8 15. Qc2 Bd7 16. Bd3 Nf8 17. Bb5 Rac8 18. Bxd7 N8xd7 19. Qb2 Qa5 20. Nd1 Ne4 21. Qe2 Bf6 22. Nb2 Nc3 23. Qf3 e5 24. Nc4 Rxc4 25. bxc4 exd4 26. exd4 Bxd4 27. Rac1 Nb6 28. Kh1 Nxc4 29. Qg4 h5 30. Qh3 Qd5 31. Bh4 Rd6 32. Rxc3 Bxc3 33. Qxc3 Qd4 34. Qxd4 Rxd4 35. Bg3 Rd2 36. h3 Rxa2 37. Rc1 b5 38. Rd1 Rd2 39. Re1 a5 40. Re8+ Kh7 41. Rb8 b4 0-1

[Event "December 5 Early 2023"]
[Site "https://www.chess.com"]
[Date "2023.12.05"]
[Round "1"]
[White "Navara, David"]
[Black "Yaniuk, Volodymyr"]
[Result "1-0"]
[Board "25"]
[TimeControl "180+1"]
[WhiteFideId "309095"]
[BlackFideId "14133083"]
[WhiteElo "2966"]
[BlackElo "2507"]
[WhiteTeam "CZE"]
[BlackTeam "UKR"]
[WhiteClock "0:01:02"]
[BlackClock "0:00:12"]

1. Nf3 d5 2. c4 e6 3. e3 Nf6 4. b3 c5 5. Bb2 Be7 6. cxd5 exd5 7. Bb5+ Bd7 8. Bxd7+ Nbxd7 9. O-O O-O 10. Nc3 Rc8 11. Rc1 Bd6 12. d4 cxd4 13. Qxd4 Bc5 14. Qd3 Nb6 15. Rfd1 h6 16. h3 Re8 17. Ne2 Bf8 18. Nf4 Rxc1 19. Rxc1 Ne4 20. Rd1 Nc5 21. Qf5 Re7 22. Nxd5 Rd7 23. Ne5 Rxd5 24. Qxf7+ Kh7 25. Qf5+ Kg8 26. Qf7+ Kh7 27. Rxd5 Nxd5 28. Ng6 Bd6 29. Qxg7# 1-0

[Event "December 5 Early 2023"]
[Site "https://www.chess.com"]
[Date "2023.12.05"]
[Round "1"]
[White "Eugene, Floryan"]
[Black "Galchenko, Matvey"]
[Result "0-1"]
[Board "26"]
[TimeControl "180+1"]
[WhiteFideId "20694784"]
[BlackFideId "24175480"]
[WhiteElo "2507"]
[BlackElo "2960"]
[WhiteTeam "FRA"]
[BlackTeam "FID"]
[WhiteClock "0:00:01"]
[BlackClock "0:00:10"]

1. d4 d5 2. c4 e6 3. Nc3 c6 4. e3 f5 5. b3 Nf6 6. Bb2 Bd6 7. g3 O-O 8. Bg2 Ne4 9. Nge2 Nd7 10. O-O Qg5 11. Qd3 Ndf6 12. f3 Nxc3 13. Bxc3 Bd7 14. a4 Rae8 15. a5 a6 16. Rfe1 Qh6 17. b4 dxc4 18. Qd2 Nd5 19. Nf4 g5 20. Ne2 g4 21. Nf4 gxf3 22. Bxf3 Re7 23. Rac1 Rg7 24. Bg2 Rg4 25. Re2 Qg7 26. Kh1 Qe7 27. Rb1 h5 28. Bh3 Rg5 29. Bg2 h4 30. gxh4 Rg4 31. h5 Nxf4 32. exf4 Bxf4 33. Qe1 Kh7 34. h3 Rg5 35. d5 cxd5 36. Bxd5 Rxh5 37. Bg2 Qg5 38. Qf2 Bc6 39. Kg1 Rxh3 40. Kf1 Bxg2+ 41. Qxg2 Qxg2+ 42. Kxg2 Rxc3 43. Rf2 Rg3+ 44. Kf1 e5 45. Rc1 Bxc1 46. Rxf5 Rxf5+ 47. Ke1 Be3 0-1

[Event "December 5 Early 2023"]
[Site "https://www.chess.com"]
[Date "2023.12.05"]
[Round "1"]
[White "Henriquez Villagra, Cristobal"]
[Black "Slade, Theodore"]
[Result "1-0"]
[Board "27"]
[TimeControl "180+1"]
[WhiteFideId "3409350"]
[BlackFideId "426547"]
[WhiteElo "2957"]
[BlackElo "2506"]
[WhiteTeam "CHI"]
[BlackTeam "ENG"]
[WhiteClock "0:00:14"]
[BlackClock "0:00:20"]

1. d4 d5 2. c4 e6 3. Nc3 a6 4. e3 Nf6 5. Nf3 Be7 6. Be2 dxc4 7. Bxc4 O-O 8. a3 b5 9. Ba2 c5 10. O-O Bb7 11. Qe2 Nbd7 12. Rd1 Qb6 13. dxc5 Nxc5 14. b4 Nce4 15. Bb2 Rac8 16. Nxe4 Bxe4 17. Bd4 Qb7 18. Ne1 Bd5 19. Bxd5 Nxd5 20. Nd3 Nc3 21. Qg4 g6 22. Rdc1 Nd5 23. Nc5 Bxc5 24. Bxc5 Rfd8 25. f3 Nf6 26. Qg5 Nd7 27. Bd4 Rxc1+ 28. Rxc1 Rc8 29. Rd1 Qd5 30. Qxd5 exd5 31. h4 Rc2 32. Kh2 Kf8 33. Kh3 Ke7 34. g4 Ke6 35. Kg3 Nb8 36. Kf4 Nc6 37. Bc5 Rc4+ 38. e4 d4 39. Kg5 Rc3 40. f4 f6+ 41. Kh6 d3 42. Kxh7 g5 43. hxg5 fxg5 44. fxg5 Ne5 45. g6 Nxg4 46. g7 Nf6+ 47. Kg6 Rxa3 48. Bd4 Ng8 49. Kh7 Ne7 50. Bc5 Ra2 51. Bxe7 Rh2+ 52. Kg6 Kxe7 53. g8=Q Rg2+ 54. Kh7 Rh2+ 55. Kg7 Rg2+ 56. Kh8 Rxg8+ 57. Kxg8 Ke6 58. Rxd3 Ke5 59. Kf7 Kxe4 60. Rd8 Ke5 61. Ke7 Ke4 62. Ke6 Ke3 63. Ke5 1-0

[Event "December 5 Early 2023"]
[Site "https://www.chess.com"]
[Date "2023.12.05"]
[Round "1"]
[White "Dubnevych, Maksym"]
[Black "Drygalov, Sergey"]
[Result "0-1"]
[Board "28"]
[TimeControl "180+1"]
[WhiteFideId "14184001"]
[BlackFideId "24171743"]
[WhiteElo "2506"]
[BlackElo "2957"]
[WhiteTeam "UKR"]
[BlackTeam "RUS"]
[WhiteClock "0:00:01"]
[BlackClock "0:01:05"]

1. d4 Nf6 2. Nc3 d5 3. Bf4 a6 4. Nf3 b5 5. e3 e6 6. Rg1 c5 7. g4 Nc6 8. g5 Nd7 9. h4 Bb7 10. h5 Be7 11. g6 hxg6 12. hxg6 f5 13. dxc5 Nxc5 14. Nd4 Bf6 15. Bg2 b4 16. Nce2 e5 17. Nxc6 Bxc6 18. Bg3 Qb6 19. Bxd5 O-O-O 20. c4 bxc3 21. Nxc3 Qxb2 22. Rc1 e4 23. Nxe4 Rxd5 24. Qxd5 Bxd5 25. Rxc5+ Kb7 26. Nd6+ Ka8 27. Rxd5 Bc3+ 28. Kf1 Qxa2 29. Rxf5 Bb4 30. Nf7 Qb1+ 31. Kg2 Qxf5 32. Nxh8 a5 33. Rd1 a4 34. Rd4 Qa5 35. Rf4 a3 36. Rf7 a2 37. Rxg7 a1=Q 38. Rg8+ Ka7 39. Rg7+ Qxg7 0-1

[Event "December 5 Early 2023"]
[Site "https://www.chess.com"]
[Date "2023.12.05"]
[Round "1"]
[White "Shimanov, Aleksandr"]
[Black "Shinkarev, M"]
[Result "1-0"]
[Board "29"]
[TimeControl "180+1"]
[WhiteFideId "4198603"]
[BlackFideId "4145348"]
[WhiteElo "2955"]
[BlackElo "2505"]
[WhiteTeam "RUS"]
[BlackTeam "RUS"]
[WhiteClock "0:01:41"]
[BlackClock "0:01:31"]

1. b3 e5 2. Bb2 Nc6 3. c4 Nf6 4. Nf3 Bd6 5. e3 O-O 6. Nc3 Re8 7. d3 Bf8 8. Be2 d5 9. cxd5 Nxd5 10. O-O Be6 11. a3 a5 12. Qc2 Qe7 13. Na4 f6 14. Rac1 Bf7 15. Nc5 Rab8 16. Nd2 Nd8 17. d4 exd4 18. Bxd4 b6 19. Nd3 Qxa3 20. Bf3 c5 21. Bb2 Nxe3 22. fxe3 1-0

[Event "December 5 Early 2023"]
[Site "https://www.chess.com"]
[Date "2023.12.05"]
[Round "1"]
[White "Hnydiuk, Aleksander"]
[Black "Yilmaz, Mustafa"]
[Result "0-1"]
[Board "30"]
[TimeControl "180+1"]
[WhiteFideId "1109057"]
[BlackFideId "6302718"]
[WhiteElo "2504"]
[BlackElo "2942"]
[WhiteTeam "POL"]
[BlackTeam "TUR"]
[WhiteClock "0:00:00"]
[BlackClock "0:00:08"]

1. d4 d5 2. c4 c6 3. Nc3 Nf6 4. Nf3 dxc4 5. a4 Bf5 6. Ne5 Nbd7 7. Nxc4 Nb6 8. Ne5 a5 9. g3 e6 10. Bg2 h6 11. O-O Bb4 12. e4 Bh7 13. Qe2 O-O 14. Bf4 Qe7 15. Rfd1 Rfd8 16. g4 Ne8 17. Bg3 Rac8 18. f4 c5 19. d5 exd5 20. Nxd5 Nxd5 21. exd5 c4 22. Be4 Bxe4 23. Qxe4 f6 24. d6 Nxd6 25. Qd5+ Kh7 26. Bh4 Rc5 27. Qg2 Qe6 28. Qc2+ Kg8 29. h3 Rcc8 30. Ng6 Re8 31. Kh1 Ne4 32. Rd4 Qc6 33. Kh2 Kf7 34. f5 Bd6+ 0-1

[Event "December 5 Early 2023"]
[Site "https://www.chess.com"]
[Date "2023.12.05"]
[Round "1"]
[White "Khismatullin, Denis"]
[Black "Estrada Nieto, Julian"]
[Result "1-0"]
[Board "31"]
[TimeControl "180+1"]
[WhiteFideId "4142578"]
[BlackFideId "5101018"]
[WhiteElo "2941"]
[BlackElo "2504"]
[WhiteTeam "RUS"]
[BlackTeam "ESP"]
[WhiteClock "0:01:49"]
[BlackClock "0:01:04"]

1. e4 e5 2. Nf3 Nc6 3. g3 Nf6 4. d3 d5 5. exd5 Nxd5 6. Bg2 Bc5 7. O-O O-O 8. c3 Bg4 9. h3 Bh5 10. Re1 f5 11. b4 Bd6 12. Qb3 Bf7 13. Ng5 Nf6 14. Nxf7 Rxf7 15. Bg5 h6 16. Bd5 Qe7 17. Bxf6 Qxf6 18. Bxf7+ Qxf7 19. Nd2 Re8 20. Qxf7+ Kxf7 21. a4 a5 22. b5 Ne7 23. Nc4 Nd5 24. Nxa5 b6 25. Nc4 Nxc3 26. a5 Nxb5 27. axb6 cxb6 28. Reb1 1-0

[Event "December 5 Early 2023"]
[Site "https://www.chess.com"]
[Date "2023.12.05"]
[Round "1"]
[White "Urbina Perez, Juan Antonio"]
[Black "Kamsky, Gata"]
[Result "0-1"]
[Board "32"]
[TimeControl "180+1"]
[WhiteFideId "2217368"]
[BlackFideId "2000024"]
[WhiteElo "2504"]
[BlackElo "2940"]
[WhiteTeam "ESP"]
[BlackTeam "USA"]
[WhiteClock "0:00:00"]
[BlackClock "0:00:46"]

1. e4 c5 2. Nf3 e6 3. c3 Nf6 4. e5 Nd5 5. g3 Nc6 6. Bg2 d6 7. exd6 Bxd6 8. O-O O-O 9. d4 Nf6 10. Na3 cxd4 11. Nb5 Bc5 12. Nbxd4 Nxd4 13. Nxd4 Bxd4 14. cxd4 Nd5 15. Qb3 b6 16. Bxd5 exd5 17. Qf3 Bh3 18. Re1 Qd7 19. Bf4 Rfe8 20. Rac1 h6 21. Re3 Rxe3 22. Bxe3 Rc8 23. Rxc8+ Qxc8 24. Qd1 Qc4 25. a3 a5 26. f3 h5 27. Kf2 f6 28. Qc1 Qd3 29. Qe1 Qf5 30. Bf4 Kh7 31. Bc1 a4 32. Qd2 b5 33. Qf4 Qd3 34. Qd2 Qf1+ 35. Ke3 Bf5 36. Kf4 Bg6 37. Ke3 Bf5 38. Kf4 Be4 39. Qc3 g5+ 0-1

[Event "December 5 Early 2023"]
[Site "https://www.chess.com"]
[Date "2023.12.05"]
[Round "1"]
[White "Grigoriants, Sergey"]
[Black "Alikhanov, Felix"]
[Result "1-0"]
[Board "33"]
[TimeControl "180+1"]
[WhiteFideId "4130804"]
[BlackFideId "4157427"]
[WhiteElo "2939"]
[BlackElo "2504"]
[WhiteTeam "HUN"]
[BlackTeam "RUS"]
[WhiteClock "0:00:07"]
[BlackClock "0:00:00"]

1. d4 Nf6 2. c4 d6 3. Nc3 Nbd7 4. e4 e5 5. Nf3 Be7 6. Be2 O-O 7. O-O c6 8. Re1 a6 9. a3 Qe8 10. Bf1 Bd8 11. b4 Qe7 12. Bb2 Bc7 13. Qc2 Re8 14. Rad1 Nf8 15. g3 Ng6 16. Bg2 Bg4 17. h3 Bd7 18. Nb1 Rac8 19. Nbd2 Bb8 20. Nb3 h6 21. c5 Be6 22. cxd6 Bxb3 23. Qxb3 Bxd6 24. dxe5 Nxe5 25. Nd4 Bb8 26. f4 Ng6 27. e5 Nd5 28. Be4 Ba7 29. Kh2 Rcd8 30. Nf5 Qc7 31. Nd6 Re7 32. Bxd5 cxd5 33. Rxd5 Qb6 34. Qf3 Bb8 35. Red1 Red7 36. h4 Bxd6 37. h5 Nf8 38. Qg4 Be7 39. Rxd7 1-0

[Event "December 5 Early 2023"]
[Site "https://www.chess.com"]
[Date "2023.12.05"]
[Round "1"]
[White "Kotyk, Michael"]
[Black "Tran, Tuan Minh"]
[Result "1-0"]
[Board "34"]
[TimeControl "180+1"]
[WhiteFideId "16214501"]
[BlackFideId "12401820"]
[WhiteElo "2503"]
[BlackElo "2937"]
[WhiteTeam "GER"]
[BlackTeam "VIE"]
[WhiteClock "0:01:19"]
[BlackClock "0:00:01"]

1. e4 c5 2. c3 Nf6 3. e5 Nd5 4. Bc4 Nb6 5. Bb3 d5 6. exd6 Qxd6 7. Na3 Nc6 8. Nf3 Be6 9. Nb5 Qd7 10. d4 a6 11. dxc5 Qxd1+ 12. Bxd1 axb5 13. cxb6 b4 14. Nd4 Nxd4 15. cxd4 Rxa2 16. Rxa2 Bxa2 17. Bf3 e6 18. Bxb7 Kd7 19. Bf3 Bc4 20. Bf4 Bd6 21. Bxd6 Kxd6 22. Kd2 Rb8 23. Rc1 Bd5 24. Bxd5 Kxd5 25. Rc7 Rxb6 26. Rxf7 Kxd4 27. Rxg7 h5 28. Rg5 Rc6 29. Rxh5 Kc4 30. Rh3 Rc8 31. b3+ Kd5 32. Rh5+ e5 33. f4 Rc3 34. Rxe5+ Kd4 35. Re8 Rxb3 36. Rd8+ Ke4 37. Kc2 Rc3+ 38. Kb2 Kxf4 39. Rd4+ Ke3 40. Rxb4 Rc8 41. g4 Rh8 42. h3 Kf2 43. Rb3 Kg2 44. Kc2 Rd8 45. Rd3 Re8 46. Kd2 Kf2 47. h4 Re4 48. h5 Rxg4 49. Rh3 Rd4+ 50. Kc3 Rd7 51. h6 Rh7 52. Kd4 Kg2 53. Rh5 Kg3 54. Ke5 Kg4 55. Rh1 Kg5 56. Rg1+ Kh5 57. Kf6 Rxh6+ 58. Kf5 Rg6 59. Rh1# 1-0

[Event "December 5 Early 2023"]
[Site "https://www.chess.com"]
[Date "2023.12.05"]
[Round "1"]
[White "Nguyen, Ngoc Truong Son"]
[Black "Senft, Sean"]
[Result "1/2-1/2"]
[Board "35"]
[TimeControl "180+1"]
[WhiteFideId "12401110"]
[BlackFideId "2044960"]
[WhiteElo "2937"]
[BlackElo "2503"]
[WhiteTeam "VIE"]
[BlackTeam "USA"]
[WhiteClock "0:00:26"]
[BlackClock "0:00:46"]

1. e4 c5 2. Nf3 d6 3. c3 Nf6 4. Bd3 Nc6 5. O-O Bg4 6. h3 Bh5 7. Re1 e6 8. Bf1 Be7 9. d3 O-O 10. Be3 Rc8 11. Nbd2 d5 12. g4 Bg6 13. e5 Nd7 14. d4 cxd4 15. Bxd4 Nxd4 16. Nxd4 a6 17. a4 Nc5 18. f4 Bh4 19. Re3 h6 20. b4 Ne4 21. Nxe4 Bxe4 22. Bg2 Bxg2 23. Kxg2 Rc4 24. Qd3 Qc7 25. Rf1 Rc8 26. Rff3 Bd8 27. f5 exf5 28. Nxf5 Bg5 29. Nd6 Bxe3 30. Qxd5 Rxc3 31. Nxf7 Kh7 32. Qe4+ Kg8 33. Qd5 Kh7 34. Qe4+ Kg8 35. Qd5 1/2-1/2

[Event "December 5 Early 2023"]
[Site "https://www.chess.com"]
[Date "2023.12.05"]
[Round "1"]
[White "Bold, Andre"]
[Black "Svane, Rasmus"]
[Result "0-1"]
[Board "36"]
[TimeControl "180+1"]
[WhiteFideId "16208471"]
[BlackFideId "4657101"]
[WhiteElo "2501"]
[BlackElo "2930"]
[WhiteTeam "GER"]
[BlackTeam "GER"]
[WhiteClock "0:00:41"]
[BlackClock "0:00:11"]

1. Nf3 d5 2. e3 Nf6 3. b3 Bf5 4. Bb2 e6 5. d3 h6 6. Be2 Bd6 7. Nbd2 Nbd7 8. Nf1 Qe7 9. Ng3 Bh7 10. O-O O-O 11. c4 c6 12. Rc1 Rfe8 13. d4 a5 14. Ne5 Ne4 15. Nxd7 Qxd7 16. Nxe4 Bxe4 17. Bd3 Bxd3 18. Qxd3 a4 19. Qc2 Ra7 20. Bc3 b5 21. cxd5 cxd5 22. Qd2 Qe7 23. g3 Rc8 24. Bb2 Rca8 25. Rc2 h5 26. h4 Qf6 27. Kg2 Qf5 28. Rfc1 Bf8 29. Qe2 axb3 30. axb3 b4 31. Qd2 Qe4+ 32. Kg1 Ra2 33. Qe2 Qf5 34. Qd2 g6 35. Kg2 Qe4+ 36. Kg1 Kg7 37. Qe2 Be7 38. Qd2 g5 39. hxg5 Bxg5 40. Qe2 h4 41. gxh4 Qxh4 42. Qf3 Rh8 43. Kf1 Rh6 44. Ke2 Rf6 45. Qg3 Qxg3 46. fxg3 Rh6 47. Rf1 Rh2+ 48. Rf2 Rxf2+ 49. Kxf2 Kg6 50. Kf3 f5 51. Rf2 Bf6 52. Bc1 Ra1 53. Bb2 Rb1 54. Rc2 Bg5 55. Kf2 Rh1 56. Kg2 Re1 57. Bc1 Bxe3 58. Bxe3 Rxe3 59. Rc6 Kf6 0-1

[Event "December 5 Early 2023"]
[Site "https://www.chess.com"]
[Date "2023.12.05"]
[Round "1"]
[White "Maksimovic, Bojan"]
[Black "Herman, Matthew"]
[Result "1-0"]
[Board "37"]
[TimeControl "180+1"]
[WhiteFideId "14408120"]
[BlackFideId "2028964"]
[WhiteElo "2925"]
[BlackElo "2499"]
[WhiteTeam "BIH"]
[BlackTeam "USA"]
[WhiteClock "0:00:06"]
[BlackClock "0:00:07"]

1. e4 e5 2. Nf3 Nc6 3. c3 d5 4. Qa4 Bd7 5. exd5 Nd4 6. Qd1 Nxf3+ 7. Qxf3 f5 8. Bc4 Nf6 9. d3 f4 10. h3 Bd6 11. Nd2 Qe7 12. Ne4 O-O-O 13. a4 h6 14. a5 a6 15. Kd1 g5 16. Kc2 g4 17. Qe2 h5 18. h4 Bf5 19. Re1 Rhf8 20. Ng5 Rd7 21. g3 f3 22. Qd1 Re8 23. Ne4 Qg7 24. Bg5 Nh7 25. Be3 Qg6 26. Kb3 Nf6 27. Nxf6 Qxf6 28. Bg5 Qg6 29. Qd2 e4 30. dxe4 Bxe4 31. Qd4 Kb8 32. Be3 b6 33. axb6 cxb6 34. Bxa6 Bc5 35. Qa4 Bxd5+ 36. Bc4 Qf6 37. Qxd7 Bxc4+ 38. Kxc4 Re4+ 39. Kb3 Qe5 40. Qd8+ Kb7 41. Qa8+ Kc7 42. Ra7+ Kd6 43. Rd1+ Ke6 44. Qe8+ Kf5 45. Rf7+ Kg6 46. Qg8+ 1-0

[Event "December 5 Early 2023"]
[Site "https://www.chess.com"]
[Date "2023.12.05"]
[Round "1"]
[White "Rodriguez Fontecha, Marcos"]
[Black "Donchenko, Alexander"]
[Result "1-0"]
[Board "38"]
[TimeControl "180+1"]
[WhiteFideId "2256576"]
[BlackFideId "24603295"]
[WhiteElo "2497"]
[BlackElo "2923"]
[WhiteTeam "ESP"]
[BlackTeam "GER"]
[WhiteClock "0:00:17"]
[BlackClock "0:00:07"]

1. d4 Nf6 2. Nf3 g6 3. Bg5 Bg7 4. c3 c5 5. Nbd2 O-O 6. e4 cxd4 7. cxd4 d5 8. e5 Ne4 9. Be3 Nc6 10. Bd3 Bf5 11. Qe2 Qb6 12. O-O Qxb2 13. Rfb1 Qa3 14. Rb3 Qa5 15. Rxb7 Rab8 16. Nb3 Qa3 17. Rc7 Rxb3 18. Bc1 Qa4 19. axb3 Qxa1 20. Rxc6 Nc3 21. Qc2 Bxd3 22. Qxc3 Qxc3 23. Rxc3 Be2 24. Rc7 e6 25. Rxa7 Rb8 26. Nd2 Bd1 27. Ba3 Bh6 28. Bd6 Rc8 29. Bb4 Bg5 30. h4 Bxh4 31. g3 Bd8 32. Bd6 Bb6 33. Ra4 Kg7 34. Kg2 Rc2 35. Nf1 Rc3 36. Ne3 Bxb3 37. Rb4 Bd8 38. Rb8 Bg5 39. Bf8+ 1-0

[Event "December 5 Early 2023"]
[Site "https://www.chess.com"]
[Date "2023.12.05"]
[Round "1"]
[White "Movahed, Sina"]
[Black "Sanchez Enriquez, Oscar Gerardo"]
[Result "1/2-1/2"]
[Board "39"]
[TimeControl "180+1"]
[WhiteFideId "42520835"]
[BlackFideId "5106311"]
[WhiteElo "2923"]
[BlackElo "2497"]
[WhiteTeam "IRI"]
[BlackTeam "MEX"]
[WhiteClock "0:00:22"]
[BlackClock "0:00:21"]

1. Nf3 d6 2. c4 g6 3. Nc3 Bg7 4. d4 Nf6 5. e4 O-O 6. Be2 c5 7. d5 b5 8. cxb5 a6 9. b6 Qxb6 10. O-O a5 11. Nd2 Ba6 12. Nc4 Bxc4 13. Bxc4 Nbd7 14. f4 a4 15. a3 Rfb8 16. Qe2 Ne8 17. Ra2 Qa5 18. Bd2 Nb6 19. Bb5 Nc7 20. Bc6 Ra7 21. e5 Qa6 22. Qe4 Qc4 23. Re1 Qxe4 24. Rxe4 c4 25. Be3 Ra5 26. Bxb6 Rxb6 27. Rxc4 dxe5 28. Bxa4 Ra7 29. Bc6 exf4 30. b4 Bxc3 31. Rxc3 Rxb4 32. axb4 Rxa2 33. Rb3 Rd2 34. b5 Nxd5 35. b6 Nxb6 36. Rxb6 Rd6 37. Rb8+ Kg7 38. Bf3 f5 39. Re8 Kf7 40. Rh8 Kg7 41. Rb8 h5 42. h4 Kf6 43. Rf8+ Kg7 44. Re8 Kf7 45. Rb8 e5 46. Be2 Kf6 47. Kf2 e4 48. Ra8 Rc6 49. Ra5 Rb6 50. Rc5 Rd6 51. Rc3 Ke5 52. Rc5+ Kf6 53. Ra5 Rb6 54. Ra3 Rd6 55. g3 fxg3+ 56. Rxg3 Rb6 57. Ra3 Rb2 58. Ke3 Rb6 59. Kf4 Rd6 60. Ra6 Rxa6 61. Bxa6 Kf7 62. Bc4+ Kf6 63. Bd5 Kg7 64. Kg5 Kh7 65. Bf7 e3 66. Bxg6+ Kg7 67. Bxh5 f4 68. Be2 f3 69. Bxf3 e2 70. Bxe2 Kh8 71. h5 Kg8 72. h6 Kh8 73. Kg6 Kg8 74. h7+ Kh8 75. Bf1 1/2-1/2

[Event "December 5 Early 2023"]
[Site "https://www.chess.com"]
[Date "2023.12.05"]
[Round "1"]
[White "Chernomordik, Pavel"]
[Black "Ashraf, Artin"]
[Result "1-0"]
[Board "40"]
[TimeControl "180+1"]
[WhiteFideId "2804530"]
[BlackFideId "22514805"]
[WhiteElo "2496"]
[BlackElo "2923"]
[WhiteTeam "ISR"]
[BlackTeam "IRI"]
[WhiteClock "0:00:38"]
[BlackClock "0:00:34"]

1. e4 e5 2. Nf3 Nc6 3. Bb5 a6 4. Ba4 Nf6 5. Nc3 b5 6. Bb3 Bc5 7. d3 d6 8. a3 Bg4 9. h3 Bh5 10. g4 Bg6 11. Nd5 Nxd5 12. Bxd5 Qd7 13. Nh4 Nd4 14. Bxa8 c6 15. c3 Ne6 16. a4 O-O 17. axb5 axb5 18. Nf5 Qc7 19. Bxc6 Bxf5 20. gxf5 Qxc6 21. fxe6 fxe6 22. Be3 d5 23. Qg4 d4 24. Rg1 g6 25. cxd4 Bb4+ 26. Kf1 exd4 27. Bxd4 Qd7 28. e5 Qc6 29. Qe4 Qc2 30. Ra7 Qd1+ 31. Kg2 Qh5 32. Qg4 Qh6 33. Qxe6+ 1-0

[Event "December 5 Early 2023"]
[Site "https://www.chess.com"]
[Date "2023.12.05"]
[Round "1"]
[White "Rasulov, Vugar"]
[Black "Krzywda, Andrzej"]
[Result "1-0"]
[Board "41"]
[TimeControl "180+1"]
[WhiteFideId "13402390"]
[BlackFideId "1114565"]
[WhiteElo "2917"]
[BlackElo "2493"]
[WhiteTeam "AZE"]
[BlackTeam "POL"]
[WhiteClock "0:01:56"]
[BlackClock "0:00:40"]

1. e4 e5 2. Nf3 Nf6 3. Nxe5 d6 4. Nf3 Nxe4 5. d4 d5 6. Bd3 Be7 7. O-O Bf5 8. Re1 O-O 9. Nbd2 Nd6 10. Nf1 Bxd3 11. Qxd3 c6 12. Bf4 Na6 13. Ng3 Nc7 14. Nf5 Nxf5 15. Bxc7 Qxc7 16. Qxf5 g6 17. Qd3 Bd6 18. g3 Rfe8 19. Kg2 Kg7 20. h4 h5 21. c3 Qb6 22. b3 a5 23. Ng5 a4 24. bxa4 Rxe1 25. Rxe1 Rxa4 26. Qf3 Qc7 27. Re6 Bf8 28. Rf6 Kg8 29. Rxf7 Qc8 30. Qf6 1-0

[Event "December 5 Early 2023"]
[Site "https://www.chess.com"]
[Date "2023.12.05"]
[Round "1"]
[White "Nikologorsky, Matfei"]
[Black "Kovalenko, Igor"]
[Result "0-1"]
[Board "42"]
[TimeControl "180+1"]
[WhiteFideId "24102474"]
[BlackFideId "14117908"]
[WhiteElo "2493"]
[BlackElo "2916"]
[WhiteTeam "FID"]
[BlackTeam "UKR"]
[WhiteClock "0:00:37"]
[BlackClock "0:00:16"]

1. e4 c6 2. d4 d5 3. Nc3 dxe4 4. Nxe4 Nd7 5. Ng5 Ngf6 6. Bd3 e6 7. N1f3 Bd6 8. Qe2 h6 9. Ne4 Nxe4 10. Qxe4 Qc7 11. Bd2 b6 12. c4 Bb7 13. Qe2 g5 14. a4 a5 15. Rc1 c5 16. d5 O-O-O 17. dxe6 fxe6 18. Be4 g4 19. Nh4 Rhg8 20. Bxb7+ Qxb7 21. O-O Be7 22. g3 Bxh4 23. gxh4 Rg6 24. Bc3 h5 25. Rfe1 Rf8 26. Qe4 Qxe4 27. Rxe4 Nb8 28. Rd1 Rd8 29. Rxd8+ Kxd8 30. Re5 Rh6 31. Rg5 Nc6 32. Rg7 e5 33. Kg2 Nd4 34. Rg5 Nf3 35. Rg8+ Kd7 36. Kg3 Ke6 37. Rb8 Kf5 38. Bd2 Rd6 39. Be3 Rd1 40. Rf8+ Ke4 41. Rxf3 Rg1# 0-1

[Event "December 5 Early 2023"]
[Site "https://www.chess.com"]
[Date "2023.12.05"]
[Round "1"]
[White "Vokhidov, Shamsiddin"]
[Black "Lehtosaari, Mauri"]
[Result "1-0"]
[Board "43"]
[TimeControl "180+1"]
[WhiteFideId "14204223"]
[BlackFideId "501999"]
[WhiteElo "2915"]
[BlackElo "2491"]
[WhiteTeam "UZB"]
[BlackTeam "FIN"]
[WhiteClock "0:01:55"]
[BlackClock "0:00:03"]

1. e4 d5 2. exd5 Qxd5 3. Nc3 Qd8 4. d4 Nf6 5. Nf3 Bg4 6. Bc4 e6 7. h3 Bxf3 8. Qxf3 c6 9. Ne2 Nbd7 10. a4 a5 11. c3 Bd6 12. O-O O-O 13. Re1 e5 14. Bg5 Re8 15. Rad1 Qc7 16. Ba2 h6 17. Bh4 e4 18. Qe3 Nd5 19. Qc1 e3 20. Bxd5 exf2+ 21. Bxf2 cxd5 22. Qc2 Rad8 23. Qf5 Nf8 24. Bh4 Rd7 25. Nc1 Rxe1+ 26. Rxe1 Ne6 27. Nd3 Bh2+ 28. Kh1 Bg3 29. Bxg3 Qxg3 30. Rf1 g6 31. Qf3 Qxf3 32. Rxf3 Kg7 33. Kg1 Ng5 34. Re3 Kf8 35. Nf4 Ne4 36. Nxd5 Rxd5 37. Rxe4 b5 38. b3 bxa4 39. bxa4 Rd6 40. c4 Rb6 41. d5 Rb4 42. d6 Rxa4 43. d7 Ra1+ 44. Kf2 Rd1 45. Re8+ 1-0

[Event "December 5 Early 2023"]
[Site "https://www.chess.com"]
[Date "2023.12.05"]
[Round "1"]
[White "Pourkashiyan, Atousa"]
[Black "Demchenko, Anton"]
[Result "0-1"]
[Board "44"]
[TimeControl "180+1"]
[WhiteFideId "12502014"]
[BlackFideId "4160258"]
[WhiteElo "2488"]
[BlackElo "2911"]
[WhiteTeam "USA"]
[BlackTeam "SLO"]
[WhiteClock "0:00:42"]
[BlackClock "0:01:18"]

1. e4 e5 2. Nf3 Nc6 3. Bb5 a6 4. Ba4 Nge7 5. O-O Ng6 6. c3 d6 7. d4 Bd7 8. Nbd2 Be7 9. Re1 O-O 10. Nf1 b5 11. Bc2 exd4 12. cxd4 Bg4 13. Be3 Nh4 14. N1d2 Bf6 15. e5 dxe5 16. Bxh7+ Kxh7 17. Qc2+ Kg8 18. Qxc6 exd4 19. Bf4 Bxf3 20. Nxf3 Nxf3+ 21. Qxf3 c5 22. Be5 Re8 23. Qg3 Bxe5 24. Rxe5 Rxe5 25. Qxe5 c4 26. Rd1 d3 27. g3 Qd7 28. Qc3 Rd8 29. Rd2 Qe7 30. Kf1 Re8 31. Qc1 Qe4 32. Kg1 Qe1+ 33. Qxe1 Rxe1+ 34. Kg2 Re2 0-1

[Event "December 5 Early 2023"]
[Site "https://www.chess.com"]
[Date "2023.12.05"]
[Round "1"]
[White "Kovalev, Vladislav"]
[Black "Dobre, Claudiu-Cristian"]
[Result "1-0"]
[Board "45"]
[TimeControl "180+1"]
[WhiteFideId "13504398"]
[BlackFideId "1211854"]
[WhiteElo "2908"]
[BlackElo "2488"]
[WhiteTeam "FID"]
[BlackTeam "ROU"]
[WhiteClock "0:00:53"]
[BlackClock "0:00:00"]

1. e4 e5 2. Nf3 Nf6 3. d4 Nxe4 4. Bd3 Nc6 5. O-O d5 6. Nxe5 Nxe5 7. dxe5 Nc5 8. Be3 Be7 9. f4 Nxd3 10. Qxd3 g6 11. Nc3 c6 12. Ne2 Bf5 13. Qd2 h5 14. b4 a5 15. a3 O-O 16. c3 axb4 17. axb4 f6 18. Bd4 Rxa1 19. Rxa1 fxe5 20. Bxe5 Bf6 21. Nd4 Bxe5 22. fxe5 Qe7 23. e6 Kg7 24. Qf4 Re8 25. h3 Qf6 26. Ra7 Re7 27. Qb8 Bxe6 28. Rxb7 Rxb7 29. Qxb7+ Kh6 30. Qxc6 Qf4 31. Qxe6 Qc1+ 32. Kf2 Qf4+ 33. Nf3 Qc4 34. Qe3+ Kh7 35. Nd4 Kg7 36. b5 1-0